 Dungeon Crawl Stone Soup version 0.22.0-78-g6c94d2c (webtiles) character file.

270 Starchild the Archer (level 6, 0/48 HPs)
             Began as a Centaur Hunter on Sept 16, 2018.
             Slain by a killer bee (4 damage)
             ... on level 4 of the Dungeon.
             The game lasted 00:07:24 (2271 turns).

Starchild the Archer (Centaur Hunter)               Turns: 2271, Time: 00:07:26

Health: 0/48       AC:  5    Str: 14    XL:     6   Next: 1%
Magic:  6/6        EV:  9    Int: 10    God:
Gold:   149        SH:  0    Dex: 12    Spells: 5/5 levels left

rFire    . . .     SeeInvis .   a - +1 shortbow
rCold    . . .     Gourm    .   (shield currently unavailable)
rNeg     . . .     Faith    .   c - +0 leather armour
rPois    .         Spirit   .   (no helmet)
rElec    .         Reflect  .   (no cloak)
rCorr    .         Harm     .   u - +0 pair of gloves
MR       .....                  (no barding)
Stlth    +.........             (no amulet)
HPRegen  0.16/turn              (no ring)
MPRegen  0.10/turn              (no ring)

@: lethally poisoned (0 -> -23), hasted, very quick
A: large, hooves 3, deformed body, speed 2, tough skin 3
a: no special abilities


You were on level 4 of the Dungeon.
You were not hungry.

You visited 1 branch of the dungeon, and saw 4 of its levels.

You collected 149 gold pieces.

Inventory:

Hand Weapons
 a - a +1 shortbow (weapon)
 b - a +0 short sword
 q - a +4 hand axe of freezing
Missiles
 d - 38 arrows (quivered)
 n - 67 stones
 s - 3 tomahawks
Armour
 c - a +0 leather armour (worn)
 u - a +0 pair of gloves (worn)
Wands
 k - a wand of acid (14)
Scrolls
 i - a scroll of immolation {unknown}
 m - a scroll of identify {unknown}
 o - a scroll of enchant armour {unknown}
 p - a scroll of amnesia {unknown}
 r - a scroll of teleportation {unknown}
 w - a scroll of remove curse {unknown}
 x - a scroll of magic mapping {unknown}
Potions
 e - 3 potions of haste
 g - 2 potions of curing {unknown}
 h - 2 potions of mutation {unknown}
 j - a potion of flight {unknown}
 l - a potion of lignification {unknown}
 t - 2 potions of brilliance {unknown}
 v - a potion of cancellation {unknown}
Comestibles
 f - 5 rations


   Skills:
 - Level 2.0 Fighting
 + Level 9.6 Bows
 - Level 1.3 Dodging
 - Level 0.4 Stealth


You had 5 spell levels left.
You didn't know any spells.
Your spell library was empty.

Dungeon Overview and Level Annotations

Branches:
Dungeon (4/15)
 Temple: D:4-7

Altars:
Xom


Innate Abilities, Weirdness & Mutations

You have hooves in place of feet.
Armour fits poorly on your strangely shaped body.
You cover ground very quickly.
You have extremely tough skin. (AC +3)


Message History

A killer bee comes into view.
Firing (i - inventory. (/) - cycle)
d - 39 arrows (quivered)
Press: ? - help, Shift-Dir - straight line, f/p - killer bee
Aim: a killer bee You shoot an arrow.
The arrow misses the killer bee.
The killer bee buzzes angrily.
You feel sick. The killer bee stings you.
You are more poisoned.
The killer bee poisons you! The killer bee stings you.
* * * LOW HITPOINT WARNING * * *
You are more poisoned.
The killer bee poisons you!
It was a potion of haste.
You feel yourself speed up.
* * * LOW HITPOINT WARNING * * *
You feel sick. The killer bee stings you.
* * * LOW HITPOINT WARNING * * *
The killer bee stings you.
* * * LOW HITPOINT WARNING * * *
The killer bee stings you.
You die...

......... ## #....# #.
######....# .
#...(#....# #####
#....#y...# ........
#....#....###+..##...
#...y........>.......
#..yy#..............#
####@#..............#
#................#
#..........#......
####.....#...#......
#..<.....#...#......
###.#......#######....
#...#.................
#...#.................
#...#.................


You could see 4 killer bees.

Vanquished Creatures
  Menkaure (D:4)
  An orc wizard (D:4)
  3 gnolls (D:3)
  4 adders
  An ooze (D:2)
  3 worms
  A dart slug (D:1)
  4 leopard geckos
  5 orcs
  2 bats
  2 goblins
  A hobgoblin (D:1)
  4 jackals
  2 frilled lizards
  2 kobolds
  A quokka skeleton (D:4)
  4 rats
41 creatures vanquished.

Notes
Turn   | Place    | Note
-------+----------+-------------------------------------------
     0 | D:1      | Starchild the Centaur Hunter began the quest for the Orb.
     0 | D:1      | Reached XP level 1. HP: 17/17 MP: 1/1
   431 | D:1      | Found a shimmering altar of Xom.
   490 | D:1      | Reached skill level 6 in Bows
   490 | D:1      | Reached XP level 2. HP: 24/24 MP: 2/2
  1122 | D:2      | Reached XP level 3. HP: 20/29 MP: 3/3
  1721 | D:3      | Reached skill level 7 in Bows
  1792 | D:3      | Reached XP level 4. HP: 36/36 MP: 4/4
  1840 | D:3      | Noticed an orc warrior
  1887 | D:4      | Reached skill level 8 in Bows
  1937 | D:4      | Noticed Menkaure
  1940 | D:4      | Killed Menkaure
  1940 | D:4      | Reached skill level 9 in Bows
  1940 | D:4      | Reached XP level 5. HP: 22/41 MP: 5/5
  2131 | D:4      | Reached XP level 6. HP: 45/48 MP: 6/6
  2271 | D:4      | Slain by a killer bee

Skill      XL: |  1  2  3  4 |
---------------+-------------+-----
Bows           | 6 7 9 |  9.6
Fighting       | |  2.0
Dodging        | |  1.3
Stealth        | |  0.4

Action                   |  1- 3 |  4- 6 || total
-------------------------+-------+-------++-------
 Fire: Shortbow          |    76 |    59 ||   135
  Use: Potion            |       |     1 ||     1
  Eat: Chunk             |     1 |     1 ||     2
Armor: Leather armour    |     5 |     8 ||    13
Dodge: Dodged            |     5 |     8 ||    13
